 Dungeon Crawl Stone Soup version 0.31-a0-202-g547052bce9 (webtiles) character file.

Game seed: 9064336114407150465

135 qw the Skirmisher (level 4, -3/25 HPs)
             Began as a Deep Elf Hunter on June 26, 2023.
             Slain by Edmund
             ... wielding a +3 flail of protection
              (8 damage)
             ... on level 4 of the Dungeon.
             The game lasted 00:00:54 (2233 turns).

qw the Skirmisher (Deep Elf Hunter)                 Turns: 2233, Time: 00:00:55

Health: -3/25      AC:  4    Str: 16    XL:     4   Next: 96%
Magic:  6/6        EV: 12    Int: 14    God:
Gold:   213        SH:  0    Dex: 18    Spells: 3/3 levels left

rFire   + . .        Y - +0 shortbow (freeze)
rCold   . . .        (shield currently unavailable)
rNeg    . . .        c - +0 leather armour
rPois   .            (no helmet)
rElec   .            (no cloak)
rCorr   .            (no gloves)
SInv    .            h - +0 pair of boots
Will    .....        m - amulet of regeneration
Stlth   ++           f - +6 ring of strength
HPRegen 1.04/turn    i - ring of protection from fire
MPRegen 0.10/turn

%: no passive effects
@: about to teleport
A: no striking features
a: no special abilities


You were on level 4 of the Dungeon.
You visited 1 branch of the dungeon, and saw 4 of its levels.

You collected 213 gold pieces.


   Skills:
 - Level 1.5 Fighting
 - Level 8.3 Ranged Weapons
 + Level 2.5 Dodging
 - Level 1.2 Stealth


You had 3 spell levels left.
You didn't know any spells.
Your spell library was empty.

Inventory:

Hand Weapons
 Y - a +0 shortbow of freezing (weapon)
Armour
 c - a +0 leather armour (worn)
 e - a +0 pair of gloves
 h - a +0 pair of boots (worn)
Jewellery
 f - a +6 ring of strength (left hand)
 i - a ring of protection from fire (right hand)
 m - an amulet of regeneration (around neck)
Scrolls
 a - 3 scrolls of teleportation
 n - a scroll of identify
Potions
 b - a potion of haste {unknown}
 d - a potion of might {unknown}
 g - a potion of brilliance {unknown}
 j - a potion of enlightenment {unknown}
 k - a potion of curing {unknown}

Dungeon Overview and Level Annotations

Branches:
Dungeon (4/15)
 Temple: D:4-7

Altars:
Sif Muna

Annotations:
D:4 Edmund


Message History

You shoot an arrow. The arrow hits Edmund.
The arrow freezes Edmund.
Edmund is moderately wounded.
You shoot an arrow. The arrow barely misses Edmund.
You shoot an arrow. The arrow hits Edmund!
The arrow freezes Edmund.
Edmund is heavily wounded.
You shoot an arrow. The arrow completely misses Edmund.
You shoot an arrow.
The arrow hits Edmund but does no damage.
Edmund is heavily wounded.
You shoot an arrow.
The arrow hits Edmund but does no damage.
Edmund is heavily wounded.
Edmund hits you with a +3 flail of protection.
You shoot an arrow. The arrow closely misses Edmund.
Edmund misses you.
You shoot an arrow.
The arrow hits Edmund but does no damage.
Edmund is heavily wounded.
Edmund barely misses you.
You shoot an arrow.
The arrow hits Edmund but does no damage.
Edmund is heavily wounded.
Edmund hits you with a +3 flail of protection.
You shoot an arrow.
The arrow hits Edmund but does no damage.
Edmund is heavily wounded.
Edmund misses you.
You shoot an arrow. The arrow hits Edmund.
The arrow freezes Edmund.
Edmund is heavily wounded.
Edmund hits you with a +3 flail of protection.
You shoot an arrow. The arrow closely misses Edmund.
Edmund hits you with a +3 flail of protection!
2232 ||| READING 4 scrolls of teleportation.
As you read the scroll of teleportation, it crumbles to dust.
You feel strangely unstable.
Edmund hits you with a +3 flail of protection.
You shoot an arrow. The arrow hits Edmund!
The arrow freezes Edmund.
Edmund is severely wounded.
Edmund hits you with a +3 flail of protection!
You die...

.....###..#<......#
..(.....(..########
.........#..#
.........##.#
.........##.###
.........##...#
.........####.# ##.
.....#####
#.#####..... ######
#.#.@@...$..
#.........[.
##..........
#..........
#........$.
##..##..##. ##..
..# #.....# #...


You could see Edmund.

Vanquished Creatures
  A howler monkey (D:4)
  3 adders
  2 worms (D:2)
  4 dart slugs
  An endoplasm (D:1)
  3 giant cockroaches
  6 goblins
  7 hobgoblins
  4 jackals
  A quokka (D:1)
  6 ball pythons
  6 bats
  6 frilled lizards
  5 kobolds
  5 rats
60 creatures vanquished.

Notes
Turn   | Place    | Note
-------+----------+-------------------------------------------
     0 | D:1      | qw the Deep Elf Hunter began the quest for the Orb.
     0 | D:1      | Reached XP level 1. HP: 12/12 MP: 3/3
     0 | D:1      | 0 ||| qw: Version: 0.3-a-22-g0ed2b0b
     0 | D:1      | 0 ||| qw: Game counter: 5823
     0 | D:1      | 0 ||| qw: Melee chars always use a shield: true
     0 | D:1      | 0 ||| qw: God list: Okawaru
     0 | D:1      | 0 ||| qw: Allow faded altars: false
     0 | D:1      | 0 ||| qw: Do Orc after clearing Dungeon:15 true
     0 | D:1      | 0 ||| qw: Do second Lair branch before Depths: true
     0 | D:1      | 0 ||| qw: Lair rune preference: random
     0 | D:1      | 0 ||| qw: Goals: Normal
     0 | D:1      | 0 ||| PLANNING D:1-11
   134 | D:1      | Reached skill level 6 in Ranged Weapons
   134 | D:1      | Reached XP level 2. HP: 16/16 MP: 4/4
   323 | D:1      | 323 ||| Stepping ~*~*~tactically~*~*~ (outnumbered).
   330 | D:1      | Reached XP level 3. HP: 13/20 MP: 5/5
   545 | D:1      | 545 ||| UPGRADING to +0 pair of boots.
   550 | D:1      | 550 ||| UPGRADING to amulet of regeneration.
   555 | D:1      | 555 ||| UPGRADING to +6 ring of strength.
   556 | D:1      | 556 ||| DROPPING +6 ring of intelligence.
   557 | D:1      | 557 ||| DROPPING ring of magical power.
   558 | D:1      | 558 ||| READING 2 scrolls labelled QADOSTR REORCH.
   563 | D:1      | 563 ||| READING scroll labelled GAMPYO KEGIDE.
   564 | D:1      | 564 ||| DROPPING scroll of butterflies.
   712 | D:2      | Reached skill level 7 in Ranged Weapons
   985 | D:2      | 985 ||| READING scroll labelled QEMNUKK WIYTHRACSU.
   986 | D:2      | 986 ||| READING scroll labelled WAIKAE GACEAMN.
   988 | D:2      | 988 ||| Stepping ~*~*~tactically~*~*~ (cloud).
  1021 | D:2      | 1021 ||| STAIRDANCE
  1149 | D:2      | Found a shimmering blue altar of Sif Muna.
  1326 | D:2      | 1326 ||| READING scroll labelled BIYNWE BOHAENN.
  1684 | D:3      | Reached XP level 4. HP: 25/25 MP: 6/6
  1796 | D:3      | 1796 ||| FLEEEEING.
  2086 | D:3      | 2086 ||| DROPPING amulet of guardian spirit.
  2087 | D:3      | 2087 ||| UPGRADING to ring of protection from fire.
  2088 | D:3      | 2088 ||| READING scroll labelled ULUULIDARI.
  2089 | D:3      | 2089 ||| READING scroll labelled GAIGICR PIEG.
  2121 | D:4      | 2121 ||| STAIRDANCE
  2170 | D:4      | Reached skill level 8 in Ranged Weapons
  2218 | D:4      | Noticed Edmund
  2231 | D:4      | HP: 5/25 [Edmund/+3 flail of protection (11)]
  2232 | D:4      | 2232 ||| READING 4 scrolls of teleportation.
  2233 | D:4      | Slain by Edmund

Levels and vault maps discovered:
D:1:      roderic_chinese_lattice_arrival, layout_basic
D:2:      layout_basic, serial_rivers, chequers_serial_rivers_room_b,
          chequers_serial_rivers_small_3, chequers_serial_rivers_room_a,
          chequers_serial_rivers_large_b, chequers_serial_rivers_micro_c,
          chequers_serial_rivers_micro_a, basic_altar, eino_tiny_chamber
D:3:      layout_basic
D:4:      layout_basic, serial_shops, nicolae_stop_n_shop_1, sigmund_army,
          uniq_edmund, uniq_pikel, uniq_eustachio

Skill      XL: |  1  2  3  4 |
---------------+-------------+-----
Ranged Weapons | 6 7 8 |  8.3
Fighting       | |  1.5
Dodging        | |  2.5
Stealth        | |  1.2

Action                     |  1- 3 |  4- 6 || total
---------------------------+-------+-------++-------
   Fire: Shortbow          |   124 |    60 ||   184
    Use: Scroll            |     5 |     3 ||     8
 Armour: Leather armour    |     8 |     9 ||    17
  Dodge: Dodged            |    22 |    30 ||    52

Table legend:
 A = Non-vault XP
 B = Vault XP
 C = Vault XP percentage of total XP
 D = Non-vault monster count
 E = Vault monster count
 F = Vault count percentage of total count
                 A         B        C        D         E       F
            +---------+---------+-------+---------+---------+-------
      Total |     193 |       0 |   0.0 |      60 |       0 |   0.0
            +---------+---------+-------+---------+---------+-------
        D:1 |      51 |       0 |   0.0 |      28 |       0 |   0.0
        D:2 |      36 |       0 |   0.0 |      13 |       0 |   0.0
        D:3 |      34 |       0 |   0.0 |      13 |       0 |   0.0
        D:4 |      72 |       0 |   0.0 |       6 |       0 |   0.0
            +---------+---------+-------+---------+---------+-------
